 Dungeon Crawl Stone Soup version 0.31-a0-1570-g93c622d222 (webtiles) character file.

Game seed: 15763262439422400623

88 grandjackal the Trooper (level 4, -3/37 HPs)
             Began as a Mummy Fighter on Jan 3, 2024.
             Slain by an iguana (7 damage)
             ... on level 3 of the Dungeon.
             The game lasted 00:01:23 (1409 turns).

grandjackal the Trooper (Mummy Fighter)             Turns: 1409, Time: 00:01:23

Health: -3/37      AC:  9    Str: 21    XL:     4   Next: 30%
Magic:  4/4        EV:  9    Int:  7    God:
Gold:   70         SH:  4    Dex: 11    Spells: 3/3 levels left

rFire   . . .        a - +0 war axe
rCold   + . .        c - +0 buckler
rNeg    + + +        b - +0 scale mail
rPois   ∞            (no helmet)
rElec   .            l - +0 cloak
rCorr   .            (no gloves)
SInv    .            f - +0 pair of boots
Will    .....        (no amulet) Stlth
                     k - ring of protection from fire
HPRegen 0.26/turn    (no ring)
MPRegen 0.09/turn

%: faith
@: no status effects
A: cold resistance 1, negative energy resistance 3, torment resistance 2, heat
vulnerability 1, in touch with death 1, no potions, faith
a: no special abilities


You were on level 3 of the Dungeon.
You visited 1 branch of the dungeon, and saw 3 of its levels.

You collected 70 gold pieces.

Inventory:

Hand Weapons
 a - a +0 war axe (weapon)
Armour
 b - a +0 scale mail (worn)
 c - a +0 buckler (worn)
 f - a +0 pair of boots (worn)
 l - a +0 cloak (worn)
Jewellery
 k - a ring of protection from fire (left hand)
Scrolls
 d - 3 scrolls of identify {unknown}
 e - a scroll of vulnerability {unknown}
 g - 2 scrolls of revelation {unknown}
 h - a scroll of teleportation {unknown}
 i - a scroll of torment {unknown}
 j - 2 scrolls of fog {unknown}


   Skills:
 + Level 3.6 Fighting
 + Level 2.3 Axes
 - Level 3.0 Armour
 + Level 2.9 Shields


You had 3 spell levels left.
You didn't know any spells.
Your spell library was empty.

Dungeon Overview and Level Annotations

Branches:
Dungeon (3/15)

Altars:


Innate Abilities, Weirdness & Mutations

You are immune to poison.
Your flesh is cold resistant. (rC+)
You are immune to negative energy. (rN+++)
You are immune to unholy pain and torment.
You are vulnerable to heat. (rF-)
You are in touch with the powers of death.
You do not drink.
You have a special connection with the divine. (Faith)


Message History

The iguana misses you.
You barely miss the iguana.
The iguana is lightly wounded.
The iguana bites you but does no damage.
You hit the iguana.
The iguana is moderately wounded.
The iguana bites you. The iguana bites you!
You hit the iguana.
The iguana is moderately wounded.
The iguana bites you!
You are too injured to fight recklessly!
You are too injured to fight recklessly!
You are too injured to fight recklessly!
You closely miss the iguana.
The iguana is moderately wounded.
The iguana bites you. The iguana bites you!
* * * LOW HITPOINT WARNING * * *
You hit the iguana.
The iguana is heavily wounded.
You block the iguana's attack.
You closely miss the iguana.
The iguana is heavily wounded.
The iguana closely misses you.
You hit the iguana but do no damage.
The iguana is heavily wounded.
The iguana bites you but does no damage. x2
You hit the iguana.
The iguana is severely wounded.
The iguana barely misses you.
You closely miss the iguana.
The iguana is severely wounded.
The iguana closely misses you. You block the iguana's attack.
You hit the iguana but do no damage.
The iguana is severely wounded.
The iguana bites you.
* * * LOW HITPOINT WARNING * * *
You barely miss the iguana.
The iguana is severely wounded.
You block the iguana's attack. The iguana bites you!
You die...

# #####.#.#
#..@l...#.####...
#.##.####.......#
#.#.....#.......#
#.#.....#.......#
+######.#.#.#.#.......#
........#.....#.......+
........#.....#....†..#
..............#.#...######
##########.#..............


You could see an iguana.

Vanquished Creatures
  Jessica (D:2)
  2 adders
  An orc (D:3)
  5 ball pythons
  5 bats
  4 endoplasms
  2 giant cockroaches (D:2)
  5 goblins
  5 hobgoblins
  3 kobolds (D:1)
  2 quokkas
  A frilled lizard (D:1)
  3 rats
39 creatures vanquished.

Notes
Turn   | Place    | Note
-------+----------+-------------------------------------------
     0 | D:1      | grandjackal the Mummy Fighter began the quest for the Orb.
     0 | D:1      | Reached XP level 1. HP: 18/18 MP: 1/1
   104 | D:1      | Reached XP level 2. HP: 24/24 MP: 2/2
   558 | D:2      | Reached XP level 3. HP: 29/29 MP: 3/3
   573 | D:2      | Noticed Jessica
   579 | D:2      | Killed Jessica
   894 | D:2      | Reached XP level 4. HP: 34/35 MP: 4/4
  1409 | D:3      | Slain by an iguana

Illustrated notes

Levels and vault maps discovered:
D:1:      dpeg_arrival_renting, layout_basic
D:2:      wad_pebble_path, layout_loops_cross, uniq_jessica
D:3:      layout_basic, serial_shops, shop, nicolae_shop_tiny_statue_garden,
          nicolae_shop_real_fake_doors

Skill      XL: |  1  2  3  4 |
---------------+-------------+-----
Axes           | 2 |  2.3
Armour         | 3 |  3.0
Fighting       | |  3.6
Shields        | |  2.9

Action                     |  1- 3 |  4- 6 || total
---------------------------+-------+-------++-------
  Melee: War axe           |    65 |    42 ||   107
 Armour: Scale mail        |    53 |    26 ||    79
  Dodge: Dodged            |    31 |    13 ||    44
  Block: Buckler           |    12 |    14 ||    26

Table legend: (Time is in decaauts)
 A = Elapsed time spent in this place.
 B = Non-inter-level travel time spent in this place.
 C = Inter-level travel time spent in this place.
 D = Time resting spent in this place.
 E = Time spent auto-exploring this place.
 F = Levels seen in this place.
 G = Mean time per level.
                   A        B        C        D        E       F      G
               +--------+--------+--------+--------+--------+-----+--------+
         Total |   1453 |   1413 |     40 |      0 |   1108 |   3 |  484.3 |
       Dungeon |   1453 |   1413 |     40 |      0 |   1108 |   3 |  484.3 |
               +--------+--------+--------+--------+--------+-----+--------+

Top non-repeatable levels by time:
     D:2: 658 daAuts
     D:1: 571 daAuts
     D:3: 224 daAuts
